 Dungeon Crawl Stone Soup version 0.16.2-14-gc338ae411c (webtiles) character file.

452 MordorOrchid the Chopper (level 7, -9/58 (59) HPs)
             Began as a Ghoul Berserker on Mar 15, 2020.
             Was a Priest of Trog.
             Mangled by an ogre
             ... wielding a +0 giant club
              (16 damage)
             ... on level 5 of the Dungeon on Mar 18, 2020.
             The game lasted 00:12:40 (3661 turns).

MordorOrchid the Chopper (Ghoul Berserker)          Turns: 3661, Time: 00:12:40

HP:   -9/58 (59)    AC:  8    Str: 20    XL:     7   Next: 5%
MP:   5/5           EV: 11    Int:  4    God:    Trog [***...]
Gold: 216           SH:  0    Dex:  9    Spells: 0 memorised, 6 levels left

rFire  . . .     SeeInvis .     a - +0 hand axe
rCold  + . .     Clarity  .     D - +0 ring mail
rNeg   + + +     SustAb   .     (no shield)
rPois  ∞         Gourm    .     y - +0 helmet
rElec  .         Spirit   .     r - +0 cloak
rCorr  .         Warding  .     (no gloves)
rMut   .         Stasis   .     (no boots)
MR     .....                    (no amulet)
Stlth  ..........               (no ring)
                                (no ring)

@: rotting, not resistant to hostile enchantments, extremely unstealthy
A: rotting body, claws 1, carnivore 3, cold resistance 1, negative energy
resistance 3, poison resistance, slow healing 1, torment resistance, unbreathing
a: Burn Spellbooks, Trog's Hand, Renounce Religion


You were on level 5 of the Dungeon.
You worshipped Trog.
Trog was most pleased with you.
You were not hungry.

You visited 1 branch of the dungeon, and saw 5 of its levels.

You collected 216 gold pieces.

Inventory:

Hand weapons
 a - a +0 hand axe (weapon)
 d - a +1 dagger of flaming
 A - a +0 hunting sling
Missiles
 e - 82 stones (quivered)
 m - 42 sling bullets
 n - 21 arrows
 z - 23 arrows of frost
 B - 4 needles of frenzy
 C - 28 poisoned needles
 F - 8 tomahawks of returning
 K - 17 bolts
Armour
 b - a +0 animal skin
 j - a +0 leather armour
 r - a +0 cloak (worn)
 y - a +0 helmet (worn)
 D - a +0 ring mail (worn)
 E - a +0 chain mail
Magical devices
 x - a wand of digging (9)
Scrolls
 c - a scroll of remove curse {unknown}
 f - a scroll of enchant weapon {unknown}
 h - a scroll of noise
 i - a scroll of immolation
 k - a scroll of teleportation
 t - a scroll of blinking {unknown}
 u - 2 scrolls of fear
 G - a scroll of magic mapping
 H - a scroll of identify {unknown}
Potions
 g - 2 potions of agility
 o - 3 potions of curing
 p - 2 potions of restore abilities {unknown}
 q - 2 potions of ambrosia {unknown}
 s - a potion of cure mutation {unknown}
 J - a potion of lignification {unknown}
 L - a potion of brilliance {unknown}
Books
 v - a Fen Folio

   Spells                             Type                      Level
   a - Corpse Rot                     Necromancy                   2
   b - Stone Arrow                    Conjuration/Earth            3
   c - Leda's Liquefaction            Hexes/Earth                  4
   d - Summon Forest                  Summoning/Translocation      5
   e - Hydra Form                     Transmutation                6
   f - Summon Hydra                   Summoning                    7
   Trog disapproves of the use of such an item.
Comestibles
 l - a slice of pizza
 w - a meat ration
 I - 2 beef jerkies


   Skills:
 * Level 4.2 Fighting
 + Level 5.0 Axes
 * Level 0.3 Throwing
 * Level 4.5 Armour
 - Level 1.7 Dodging


You had 6 spell levels left.
You didn't know any spells.

Dungeon Overview and Level Annotations

Branches:
Dungeon (5/15)
 Temple: D:4-7

Altars:
Gozag
Qazlal
Trog


Innate Abilities, Weirdness & Mutations

Your body is rotting away.
You thrive on raw meat.
You have sharp fingernails.
You are carnivorous and can eat meat at any time.
Your flesh is cold resistant.
You are immune to negative energy.
Your system is resistant to poisons.
You heal slowly when monsters are visible.
You are immune to unholy pain and torment.
You can survive without breathing.


Message History

The ogre is heavily wounded.
Your skin stops crawling.
You feel less resistant to hostile enchantments.
The ogre misses you.
You hit the ogre.
The ogre is severely wounded.
The ogre closely misses you.
Unknown command.
You barely miss the ogre.
The ogre is severely wounded.
The ogre completely misses you.
You hit the ogre but do no damage.
The ogre is severely wounded.
You hit the ogre but do no damage.
The ogre is severely wounded.
The ogre closely misses you.
You hit the ogre.
The ogre is almost dead.
The ogre hits you with a giant club!
You die...

,,,,,,,,,,,,#.##...#...# *,,,,,,*
,,,,,,,,,,,,#.##'###...###,,,,,,*
******+*,,,,#......#......,,*,,,+
*,,,*,,+,,,,+......'.......,+,,,*
*,,,+,,*,,,,#'##'###.....#.,*,,,,
**+***,*,,,,#.#..........#*,*,,,,
,,,***,**,,,#.+.....#+####*,*,,,,
,,,,,,,,+,,,+.#.....+,,,,+,,**+*,
,,,,***,*,,,###.@...#,**+**,**,+,
***+***,*#......O#+##,**,**,**,*,
*,,,,,+,,+.......+,,,,,,,+,,**+*,
**,,***,*#.......#******+**+*,,,,
**,,***+*...###...****,,,,,,,,,,*
*,,,,*,,*,..+,+...+,,+,,,,,,,,,,*
*,,,,+,,*,,,*,#...****,,,,,,,,,,*
*,,,,*,,+,,,,,≈≈≈..,,,,*+*,,,,,,*
**,******,,,,≈≈§≈≈,,,,,+,+,,,,,,,


You could see an ogre.

Vanquished Creatures
  An ogre (D:5)
  A centaur skeleton (D:5)
  A worker ant (D:4)
  An orc wizard (D:3)
  Ijyb (D:3)
  Robin (D:3)
  8 gnolls
  2 adders
  5 giant mites
  4 worms
  2 oozes
  6 orcs (D:3)
  12 bats
  4 giant cockroaches
  12 hobgoblins
  9 kobolds
  3 quokkas (D:3)
  3 ball pythons
  4 giant geckos
  A giant newt (D:3)
  21 goblins
  4 jackals (D:3)
  7 rats
113 creatures vanquished.

Vanquished Creatures (others)
  A giant gecko (D:4)
1 creature vanquished.

Grand Total: 114 creatures vanquished

Notes
Turn   | Place    | Note
--------------------------------------------------------------
     0 | D:1      | MordorOrchid, the Ghoul Berserker, began the quest for the Orb.
     0 | D:1      | Reached XP level 1. HP: 19/19 MP: 1/1
   250 | D:1      | Reached XP level 2. HP: 23/26 MP: 2/2
   536 | D:1      | Reached XP level 3. HP: 20/30 MP: 3/3
   916 | D:2      | HP: 1/31 [adder (4)]
   956 | D:2      | HP: 1/31 [worm (8)]
  1014 | D:2      | Reached XP level 4. HP: 13/38 MP: 3/3
  1043 | D:2      | Found an opulent altar of Gozag.
  1192 | D:2      | Acquired Trog's second power
  1821 | D:3      | Noticed Ijyb
  1827 | D:3      | Reached skill level 4 in Axes
  1832 | D:3      | Reached XP level 5. HP: 38/44 MP: 4/4
  1851 | D:3      | Killed Ijyb
  1883 | D:3      | Noticed Robin
  1937 | D:3      | Killed Robin
  2462 | D:3      | Received a gift from Trog
  2462 | D:3      | Reached XP level 6. HP: 29/51 MP: 5/5
  3477 | D:4      | Found a bloodstained altar of Trog.
  3571 | D:4      | Found a stormy altar of Qazlal.
  3590 | D:5      | Entered Level 5 of the Dungeon
  3625 | D:5      | Reached skill level 5 in Axes
  3625 | D:5      | Reached XP level 7. HP: 23/59 MP: 5/5
  3661 | D:5      | Mangled by an ogre

Action                   |  1- 3 |  4- 6 |  7- 9 || total
-------------------------+-------+-------+-------++-------
Melee: Hand axe          |    99 |   373 |    20 ||   492
Throw: Stone             |     1 |     8 |       ||     9
Invok: Trog's Hand       |       |     3 |     1 ||     4
  Use: Potion            |     2 |       |       ||     2
       Scroll            |       |     7 |       ||     7
 Stab: Distracted        |     1 |       |       ||     1
  Eat: Chunk             |     9 |    41 |       ||    50
